AoeStats
← y.尊 尊

Black Forest

510535785Analyzed
2v2 RM · 4h ago on Oct 1, 2026· 48m 47s· 4 players
Game mode
Random Map
Map size
Medium (4 player)
Population
200
Speed
Normal
Resources
Standard
Victory
Conquest
Starting age
Dark Age
Ending age
Imperial Age
RankedLock teamsTeams togetherTeam positionsShared explorationLock speedFull tech treeHidden civsTurbo modeCheats
Victory
Defeat
🇫🇷 Turks · France
1041
+12
🇸🇪 Inca · Sweden
1023
+11
🇨🇳 Persians · China
954
-12
🇨🇳 Britons · China
926
-11
y.尊 尊
1:05 Loom
13:50 Feudal Age
15:25 Wheelbarrow
14:38 Double-Bit Axe
19:25 Castle Age
20:48 Bow Saw
24:00 Fletching
33:11 Kamandaran
34:53 Thumb Ring
35:30 Murder Holes
35:57 Ballistics
35:16 Crossbowman
36:21 Bodkin Arrow
37:15 Padded Archer Armor
40:15 Leather Archer Armor
41:21 Heated Shot
41:55 Town Watch
我想再等等
7:08 Loom
12:58 Feudal Age
18:33 Castle Age
16:51 Double-Bit Axe
17:33 Horse Collar
24:44 Heavy Plow
25:56 Wheelbarrow
26:03 Bow Saw
28:20 Hand Cart
29:10 Gold Mining
29:41 Fletching
29:52 Padded Archer Armor
33:26 Imperial Age
31:34 Ballistics
31:29 Town Watch
33:22 Town Patrol
35:02 Gold Shaft Mining
34:24 Bodkin Arrow
34:45 Leather Archer Armor
35:33 Chemistry
34:32 Murder Holes
34:53 Fortified Wall
34:37 Elite Longbowman
35:43 Conscription
34:43 Elite Longbowman
35:45 Yeomen
36:08 Hoardings
37:14 Bracer
37:45 Ring Archer Armor
39:32 Treadmill Crane
45:48 Hoardings
Babou08
2:58 Loom
11:22 Feudal Age
15:33 Castle Age
14:10 Double-Bit Axe
14:46 Horse Collar
17:44 Bow Saw
18:25 Heavy Plow
23:38 Wheelbarrow
23:26 Gold Mining
26:06 Town Watch
29:47 Imperial Age
27:50 Hand Cart
28:16 Scale Barding Armor
28:22 Forging
28:03 Fletching
29:07 Bloodlines
28:58 Husbandry
31:26 Chain Barding Armor
31:42 Iron Casting
32:00 Conscription
32:38 Fortified Wall
32:40 Masonry
32:36 Artillery
35:03 Blast Furnace
36:01 Plate Barding Armor
40:39 Bodkin Arrow
35 year old virgin
0:25 Loom
12:25 Feudal Age
18:31 Castle Age
16:47 Gold Mining
17:19 Double-Bit Axe
17:47 Champi Runner
18:57 Champi Warrior
21:06 Forging
23:28 Wheelbarrow
23:13 Squires
28:11 Gold Shaft Mining
27:18 Horse Collar
28:51 Iron Casting
28:11 Pikeman
31:24 Hand Cart
32:22 Bow Saw
35:29 Scale Mail Armor
35:40 Heavy Plow
36:51 Fletching
37:17 Chain Mail Armor
37:01 Stone Mining
41:36 Imperial Age
41:18 Elite Skirmisher
42:07 Bodkin Arrow
44:30 Conscription
43:31 Elite Kamayuk
44:56 Elite Champi Warrior
48:52 Blast Furnace
48:22 Plate Mail Armor
47:40 Arson
Connection lost

Rejoining the realm…

Still unreachable

The connection could not be restored.

Session expired

The server has moved on; the page needs a fresh start.